 Dungeon Crawl Stone Soup version 0.25-a0-464-g3004169 (webtiles) character file.

Game seed: 4691862076657226789, levelgen mode: deterministic

213 15 the Firebug (level 5, -2/29 HPs)
             Began as a Tengu Fire Elementalist on Feb 4, 2020.
             Killed from afar by an orc (13 damage)
             ... with an iceblast
             ... on level 3 of the Dungeon.
             The game lasted 00:10:38 (2647 turns).

15 the Firebug (Tengu Fire Elementalist)            Turns: 2647, Time: 00:10:38

Health: -2/29      AC:  2    Str:  9    XL:     5   Next: 90%
Magic:  8/9        EV: 13    Int: 15    God:
Gold:   217        SH:  0    Dex: 15    Spells: 5/9 levels left

rFire    . . .     SeeInvis .   e - +0 quarterstaff (protect)
rCold    . . .     Gourm    .   (shield currently unavailable)
rNeg     . . .     Faith    .   a - +0 robe
rPois    .         Spirit   .   (helmet restricted)
rElec    .         Reflect  .   (no cloak)
rCorr    .         Harm     .   (no gloves)
MR       .....                  (boots unavailable)
Stlth    ++........             (no amulet)
HPRegen  0.09/turn              (no ring)
MPRegen  0.11/turn              (no ring)

@: no status effects
A: beak, talons 3, able to fly
a: Fly


You were on level 3 of the Dungeon.
You were hungry.

You visited 1 branch of the dungeon, and saw 3 of its levels.

You collected 217 gold pieces.

Inventory:

Hand Weapons
 e - a +0 quarterstaff of protection (weapon)
 g - a +0 dagger
 k - a +0 hunting sling
 o - a +1 whip of venom
Missiles
 f - 58 stones (quivered)
 i - 6 curare-tipped darts
 l - 20 sling bullets
Armour
 a - a +0 robe (worn)
Scrolls
 j - 3 scrolls of remove curse
Comestibles
 c - 6 rations


   Skills:
 + Level 1.1 Fighting
 + Level 0.1 Short Blades
 * Level 2.3 Armour
 * Level 2.7 Dodging
 + Level 2.5 Stealth
 * Level 2.6 Spellcasting
 * Level 2.6 Conjurations
 + Level 4.9 Fire Magic


You had 5 spell levels left.
You knew the following spells:

 Your Spells              Type           Power        Failure   Level  Hunger
a - Foxfire               Conj/Fire      ##..         4%          1    #......
b - Conjure Flame         Conj/Fire      ##......     13%         3    ###....

Your spell library contained the following spells:

 Spells                   Type           Power        Failure   Level  Hunger
 Inner Flame              Hex/Fire       #.......     22%         3    ###....
 Sticky Flame             Conj/Fire      ##......     41%         4    #####..
 Fireball                 Conj/Fire      ##........   77%         5    ######.


Dungeon Overview and Level Annotations

Branches:
Dungeon (3/15)

Altars:
Fedhas
Hepliaklqana
Xom


Innate Abilities, Weirdness & Mutations

You have a beak for a mouth.
You have claws for feet.
You can fly continuously.


Message History

HP restored.
There is an escape hatch in the floor here.
You can't go up here!
You slide downwards.
The hatch slams shut behind you.
Things that are here:
a +0 robe; a +0 dagger; an orc skeleton
Casting: Foxfire (safe; 4% risk of failure)
Confirm with . or Enter, or press ? or * to list all spells.
Okay, then.
Casting: Foxfire (safe; 4% risk of failure)
Confirm with . or Enter, or press ? or * to list all spells.
You conjure some foxfire!
The orc shouts!
The orc zaps a wand.
The mass of ice explodes!
The iceblast engulfs you! The iceblast engulfs your foxfire! x2
You hear an angry hiss.
The orc hits you with a +0 mace!
You barely miss the orc. Your kick misses the orc.
The orc zaps a wand.
The mass of ice explodes!
The iceblast engulfs you!
You die...

#.....#..##........####..
#....>...............)...
#......................(.
#..v......###.#.######(..
#.##ยง.#.### #.#.# #.##
#.....#######.#.# #..#
#####.#.......#.# ##.#
#..[#######.# #..
###.@o.# #.# ##. #.##.#
.# #####' #.##.). #.....
#.##b.... #.....
#)##....(.# #.....
?.##.....## #.....
.........# #.....
.........# #..... #.....


You could see an orc.

Vanquished Creatures
  A centaur (D:3)
  An orc wizard (D:3)
  4 adders
  2 worms (D:2)
  6 dart slugs
  5 orcs (D:3)
  5 bats
  A giant cockroach (D:1)
  7 goblins
  6 hobgoblins
  A quokka (D:2)
  2 frilled lizards (D:3)
  5 kobolds
  7 rats
53 creatures vanquished.

Vanquished Creatures (others)
  131 foxfires
131 creatures vanquished.

Grand Total: 184 creatures vanquished

Notes
Turn   | Place    | Note
-------+----------+-------------------------------------------
     0 | D:1      | 15 the Tengu Fire Elementalist began the quest for the Orb.
     0 | D:1      | Reached XP level 1. HP: 10/10 MP: 4/4
   305 | D:1      | Reached XP level 2. HP: 15/15 MP: 0/6
   980 | D:2      | Reached XP level 3. HP: 19/19 MP: 2/7
  1075 | D:2      | Found a hazy altar of Hepliaklqana.
  1108 | D:2      | Found a blossoming altar of Fedhas.
  1246 | D:2      | Reached skill level 4 in Fire Magic
  1405 | D:2      | Reached skill level 1 in Fighting
  1410 | D:2      | Learned a level 3 spell: Conjure Flame
  1576 | D:2      | Reached XP level 4. HP: 24/25 MP: 4/8
  2013 | D:3      | Noticed a centaur
  2024 | D:3      | Killed a centaur
  2024 | D:3      | Reached skill level 1 in Armour
  2024 | D:3      | Gained mutation: You can fly continuously. [Tengu growth]
  2024 | D:3      | Reached XP level 5. HP: 13/29 MP: 9/9
  2059 | D:3      | Found a shimmering altar of Xom.
  2306 | D:3      | HP: 1/29 [orc wizard/+0 dagger (4)]
  2647 | D:3      | Killed from afar by an orc

Levels and vault maps discovered:
D:1:      psy_arrival_terrarium, layout_loops_cross
D:2:      layout_rooms, fedhas_ov_isle_minmay, lemuel_coloured_pillars_altar,
          serial_corexii_hall, corexii_hall_statues_x, chequers_hall_statues_y,
          corexii_hall_statues_x, corexii_hall_statues_x, grunt_ministairs_6
D:3:      layout_basic, lemuel_doored_altar, first_ration, uniq_ijyb

Skill      XL: |  1  2  3  4  5 |
---------------+----------------+-----
Fire Magic     | 4 |  4.9
Fighting       | 1 |  1.1
Conjurations   | 2 |  2.6
Armour         | 1 2 |  2.3
Short Blades   | |  0.1
Dodging        | |  2.7
Stealth        | |  2.5
Spellcasting   | |  2.6

Action                   |  1- 3 |  4- 6 || total
-------------------------+-------+-------++-------
Melee: Unarmed           |    17 |       ||    17
       Kick              |    12 |    10 ||    22
       Peck              |     8 |     4 ||    12
       Dagger            |    23 |     6 ||    29
       Club              |     5 |       ||     5
       Whip              |       |     8 ||     8
       Quarterstaff      |       |    18 ||    18
 Cast: Foxfire           |    56 |    29 ||    85
  Use: Scroll            |     2 |     3 ||     5
       Potion            |       |     2 ||     2
 Stab: Sleeping          |     3 |     2 ||     5
       Invisible         |       |     3 ||     3
  Eat: Chunk             |     3 |     3 ||     6
Armor: Robe              |     8 |     9 ||    17
Dodge: Dodged            |    21 |    33 ||    54

Table legend:
 A = Non-vault XP
 B = Vault XP
 C = Vault XP percentage of total XP
 D = Non-vault monster count
 E = Vault monster count
 F = Vault count percentage of total count
                 A         B        C        D         E       F
            +---------+---------+-------+---------+---------+-------
      Total |     290 |      15 |   4.9 |      51 |       2 |   3.8
            +---------+---------+-------+---------+---------+-------
        D:1 |      33 |       0 |   0.0 |      15 |       0 |   0.0
        D:2 |      43 |      15 |  25.9 |      15 |       2 |  11.8
        D:3 |     214 |       0 |   0.0 |      21 |       0 |   0.0
            +---------+---------+-------+---------+---------+-------
